Map: Ruins of Seras

Players

HTOMario - Winner!

  • Race: Terran Terran
  • League: Grandmaster

Mihawk

  • Race: Protoss Protoss

VOD

Have the link to the VOD?

Description

Time

  • Played on: Nov. 25, 2015, 2:24 p.m.
  • Length: 11:05
Show
View Real Time Build Order
Export as new Build Order

HTOMario Terran - Winner!

Build Orders: Reaper Expand, MMM Bio 

Get SALT Encoding   

  12  0:00  SCV  
  13  0:13  SCV  
  14  0:18  Supply Depot  
  14  0:25  SCV  
  15  0:39  SCV  
  15  0:41  Barracks  
  16  0:47  Refinery  
  16  0:51  SCV  
  17  1:04  SCV  
  18  1:16  SCV  
  19  1:28  Orbital Command  
  19  1:32  Reaper  
  20  1:42  Command Center  
  20  1:53  Supply Depot  
  20  1:54  SCV  
  21  2:05  Barracks Reactor  
  21  2:06  SCV  
  22  2:19  SCV  
  23  2:27  Factory  
  23  2:31  SCV  
  24  2:37  Command Center  
  24  2:43  SCV  
  25  2:45  Marine  
  25  2:46  Marine  
  27  2:53  Orbital Command  
  27  2:59  SCV  
  28  3:08  Marine x2  
  28  3:10  Factory Tech Lab  
  29  3:17  SCV  
  30  3:20  SCV  
  30  3:26  Barracks x2  
  31  3:31  Cyclone  
  34  3:34  Marine x2  
  34  3:38  SCV x2  
  38  3:49  Refinery  
  38  3:50  SCV, Orbital Command  
  38  3:54  Marine x2  
  41  4:02  SCV x2  
  43  4:13  Barracks Tech Lab  
  43  4:23  SCV  
  44  4:25  Orbital Command  
  44  4:27  Marine  
  44  4:28  Marine x2  
  44  4:29  Stimpack  
  47  4:33  Marauder  
  47  4:35  SCV  
  50  4:39  Refinery  
  50  4:40  Refinery  
  51  4:45  SCV  
  51  4:46  Supply Depot x2  
  51  4:47  SCV  
  51  4:52  Marauder  
  54  4:54  Marine x2  
  54  4:55  Marauder  
  54  4:56  SCV  
  54  4:57  SCV  
  54  4:59  SCV  
  61  5:05  Engineering Bay  
  61  5:10  Factory Reactor  
  61  5:11  SCV x3  
  61  5:13  Supply Depot  
  64  5:14  Starport  
  64  5:19  Marauder x2  
  64  5:20  Marine  
  64  5:21  Marine  
  70  5:27  Combat Shields  
  70  5:32  Terran Infantry Weapons Level 1, Supply Depot  
  70  5:33  SCV x2  
  70  5:35  SCV  
  73  5:45  SCV x2  
  75  5:56  Marine x2  
  75  5:57  Marauder x2  
  81  5:58  SCV x3  
  81  6:04  Supply Depot x2, Medivac x2  
  86  6:11  SCV x2  
  90  6:12  SCV, Barracks  
  90  6:13  Barracks  
  90  6:14  Marine  
  92  6:19  Missile Turret  
  92  6:21  Missile Turret  
  92  6:24  SCV  
  93  6:26  SCV x2  
  93  6:29  Marauder x2, Marine  
  93  6:32  Marine  
  101  6:33  Missile Turret  
  101  6:36  Medivac  
  101  6:37  Medivac  
  105  6:40  Factory Tech Lab  
  105  6:46  Marine  
  105  6:49  SCV x3  
  109  6:55  Concussive Shells  
  109  6:59  Barracks Reactor  
  109  7:13  Supply Depot x3  
  109  7:16  SCV x3, Marauder, Marine x2  
  109  7:17  Supply Depot, Refinery  
  109  7:21  Marauder  
  117  7:26  Terran Infantry Armor Level 1, Liberator x2  
  117  7:31  Command Center  
  117  7:32  Refinery  
  117  7:34  Marine x2  
  117  7:35  Marauder  
  121  7:38  Marauder  
  121  7:43  Marauder  
  131  7:44  Factory Tech Lab  
  131  7:48  Fusion Core  
  131  7:53  Starport  
  128  8:10  Marauder x3, Marine x3  
  128  8:11  Armory  
  137  8:13  Engineering Bay  
  137  8:21  Marine  
  138  8:27  Marine  
  138  8:28  Marine  
  138  8:31  Marauder x3  
  139  8:35  Liberator x2  
  139  8:37  Liberator  
  139  8:38  SCV  
  139  8:39  SCV x2  
  139  8:46  Command Center  
  139  8:51  Supply Depot  
  139  8:54  Advanced Ballistics  
  139  8:55  Supply Depot  
  148  8:56  Marauder, Marine x2  
  148  8:57  Marine, Marauder  
  155  9:07  Marauder, Marine  
  158  9:11  Supply Depot  
  158  9:12  Supply Depot  
  158  9:15  Planetary Fortress  
  158  9:18  Marauder  
  160  9:24  Liberator  
  160  9:29  Missile Turret  
  160  9:33  Marine x3, Marauder x2  
  167  9:39  Marauder  
  167  9:43  Liberator x2  
  172  9:45  SCV  
  172  9:46  SCV x2, Refinery x2  
  175  9:54  Marauder  
  175  9:57  SCV  
  178  10:01  Marine x2  
  178  10:02  Marauder x2, Marine x2  
  192  10:07  Barracks  
  192  10:08  Barracks x2  
  192  10:10  Barracks  
  192  10:15  Marauder  
  192  10:19  Marine x2  
  196  10:23  Marauder  
  194  10:36  Marauder, Marine x2  
  194  10:37  Marauder  
Show
View Real Time Build Order
Export as new Build Order

Mihawk Protoss 

Build Orders:  

Get SALT Encoding   

  12  0:01  Probe (Chrono Boost)  
  13  0:11  Probe (Chrono Boost)  
  14  0:18  Pylon  
  14  0:24  Probe (Chrono Boost)  
  15  0:36  Probe (Chrono Boost)  
  15  0:38  Gateway  
  16  0:47  Probe (Chrono Boost)  
  16  0:48  Assimilator  
  17  0:57  Probe (Chrono Boost)  
  18  1:08  Probe (Chrono Boost)  
  19  1:18  Pylon  
  19  1:19  Probe (Chrono Boost)  
  20  1:26  Cybernetics Core  
  20  1:29  Probe (Chrono Boost)  
  22  1:40  Probe (Chrono Boost)  
  22  1:50  Probe (Chrono Boost)  
  23  1:57  Nexus  
  23  2:03  Warp Gate  
  23  2:06  Adept (Chrono Boost)  
  24  2:17  Probe  
  24  2:20  Assimilator  
  25  2:29  Mothership Core (Chrono Boost)  
  27  2:30  Adept (Chrono Boost)  
  29  2:41  Pylon  
  29  2:48  Probe (Chrono Boost)  
  30  3:00  Probe (Chrono Boost)  
  30  3:02  Adept  
  33  3:19  Probe x2 (Chrono Boost)  
  35  3:28  Robotics Facility  
  35  3:29  Probe (Chrono Boost)  
  35  3:30  Probe (Chrono Boost)  
  37  3:34  Gateway  
  37  3:36  Gateway  
  37  3:40  Probe (Chrono Boost)  
  38  3:46  Probe (Chrono Boost)  
  39  3:50  Probe (Chrono Boost)  
  39  3:54  Pylon  
  40  3:57  Probe (Chrono Boost)  
  41  4:12  Probe (Chrono Boost)  
  41  4:13  Probe (Chrono Boost)  
  41  4:15  Observer (Chrono Boost)  
  44  4:24  Probe  
  45  4:33  Probe  
  45  4:34  Observer (Chrono Boost)  
  45  4:37  Probe  
  48  4:41  Assimilator  
  48  4:44  Probe  
  48  4:45  Assimilator  
  48  4:46  Adept x3  
  48  4:49  Probe  
  56  4:54  Probe  
  56  4:57  Immortal (Chrono Boost)  
  61  5:01  Probe  
  61  5:03  Pylon  
  61  5:06  Pylon  
  62  5:11  Pylon  
  62  5:15  Pylon  
  62  5:16  Forge  
  62  5:20  Probe  
  62  5:21  Probe  
  63  5:23  Twilight Council, Adept x2  
  63  5:24  Adept  
  70  5:33  Immortal (Chrono Boost)  
  74  5:53  Protoss Ground Armor Level 1 (Chrono Boost)  
  74  5:58  Adept x3  
  74  6:02  Resonating Glaives (Chrono Boost)  
  80  6:10  Immortal  
  84  6:20  Pylon  
  84  6:22  Pylon  
  84  6:24  Pylon  
  84  6:28  Adept x2  
  84  6:29  Adept  
  89  6:49  Observer  
  89  6:50  Adept x2  
  89  6:51  Adept  
  96  7:07  Nexus  
  96  7:08  Pylon  
  96  7:11  Adept x2, Observer  
  96  7:12  Adept  
  103  7:20  Pylon  
  101  7:34  Protoss Ground Armor Level 2, Adept x3  
  107  7:43  Gateway  
  107  7:45  Gateway  
  111  8:01  Blink (Chrono Boost)  
  103  8:28  Pylon  
  103  8:30  Pylon  
  103  8:32  Pylon  
  103  8:45  Nexus  
  103  8:50  Pylon  
  103  8:52  Pylon  
  103  8:54  Robotics Facility  
  103  8:55  Pylon  
  103  9:01  Pylon  
  103  9:02  Gateway  
  103  9:05  Gateway  
  103  9:07  Gateway  
  103  9:08  Mothership Core  
  105  9:29  Adept x2  
  109  9:32  Photon Cannon  
  109  9:35  Photon Cannon  
  109  9:37  Photon Cannon  
  109  9:40  Photon Cannon  
  109  9:52  Adept x2  
  113  10:03  Stalker x4  
  121  10:12  Immortal (Chrono Boost)  
  119  10:34  Stalker x4  
  111  10:53  Adept x2  
Tags
 
Add a new tag
Caveats
  • Supply blocks, unpowered buildings, or Contaminate may cause inaccurate times.
  • Supply counts are checked every 10 seconds.